 Dungeon Crawl Stone Soup version 0.19-a0-1714-gcab94ab (webtiles) character file.

39 Vasilisck the Skirmisher (level 3, 0/33 HPs)
             Began as a Ghoul Monk on Sept 28, 2016.
             Slain by a jackal (2 damage)
             ... on level 2 of the Dungeon.
             The game lasted 00:02:01 (868 turns).

Vasilisck the Skirmisher (Ghoul Monk)                Turns: 868, Time: 00:02:02

Health: 0/33       AC:  3    Str: 15    XL:     3   Next: 47%
Magic:  2/2        EV: 12    Int:  5    God:
Gold:   40         SH:  0    Dex: 11    Spells: 0 memorised, 2 levels left

rFire  . . .     SeeInvis .       - Unarmed
rCold  + . .     Gourm    .     a - +0 robe
rNeg   + + +     Faith    .     (no shield)
rPois  ∞         Spirit   .     (no helmet)
rElec  .         Dismiss  .     (no cloak)
rCorr  .         Reflect  .     (no gloves)
MR     .....     Harm     .     (no boots)
Stlth  ++........               (no amulet)
                                (no ring)
                                (no ring)

@: rotting, slowed, very slow
A: rotting body, claws 1, carnivore 3, cold resistance 1, negative energy
resistance 3, slow regeneration 1, torment resistance, unbreathing
a: no special abilities


You were on level 2 of the Dungeon.
You were not hungry.

You visited 1 branch of the dungeon, and saw 2 of its levels.

You collected 40 gold pieces.

Inventory:

Armour
 a - a +0 robe (worn)
Jewellery
 d - an uncursed amulet of faith {unknown}
Scrolls
 c - 2 scrolls of identify {unknown}
 h - a scroll of random uselessness {unknown}
 i - a scroll of magic mapping {unknown}
 j - a scroll of noise {unknown}
 k - a scroll of amnesia {unknown}
Potions
 e - 2 potions of curing {unknown}
 f - a potion of heal wounds {unknown}
 g - 2 potions of berserk rage {unknown}
Comestibles
 b - a meat ration


   Skills:
 + Level 4.2 Fighting
 - Level 2.6 Dodging
 - Level 2.1 Stealth
 + Level 4.0 Unarmed Combat


You had 2 spell levels left.
You didn't know any spells.

Dungeon Overview and Level Annotations

Branches:
Dungeon (2/15)

Altars:


Innate Abilities, Weirdness & Mutations

Your body is rotting away.
You thrive on raw meat.
You are immune to poison.
You have sharp fingernails.
You are carnivorous and can eat meat at any time.
Your flesh is cold resistant. (rC+)
You are immune to negative energy. (rN+++)
You regenerate slowly when monsters are visible.
You are immune to unholy pain and torment.
You can survive without breathing.


Message History

You feel stronger. The jackal barely misses you. The jackal bites you.
* * * LOW HITPOINT WARNING * * *
The jackal bites you but does no damage.
The jackal bites you.
* * * LOW HITPOINT WARNING * * *
The jackal completely misses you. The jackal misses you. The jackal bites you.
* * * LOW HITPOINT WARNING * * *
The jackal barely misses you. The jackal completely misses you.
You scratch the jackal.
The jackal is almost dead.
The jackal barely misses you. The jackal closely misses you.
The jackal bites you but does no damage.
The jackal barely misses you. x3; The jackal closely misses you.
You scratch the jackal.
You kill the jackal!
The jackal bites you.
You die...

.§≈.... ≈≈§≈≈..
+#§§§.. .≈≈≈... ##
## ≈.... .## ..
.≈.#..##.###
#..#....... #
#<#....... ..##.
#@h.#....
......###hh.......
#....g.##.....
#..#..........
##...####.....
#.#.. .... #.#...
... ....... .
#.#.....?


You could see 3 jackals and a hobgoblin.

Vanquished Creatures
  Natasha (D:2)
  A bat zombie (D:1)
  4 goblins (D:1)
  3 jackals
  A ball python zombie (D:1)
  A bat (D:1)
  A frilled lizard (D:1)
  2 rats (D:1)
14 creatures vanquished.

Notes
Turn   | Place    | Note
-------+----------+-------------------------------------------
     0 | D:1      | Vasilisck the Ghoul Monk began the quest for the Orb.
     0 | D:1      | Reached XP level 1. HP: 19/19 MP: 0/0
   314 | D:1      | Reached XP level 2. HP: 26/26 MP: 1/1
   850 | D:2      | Noticed Natasha
   863 | D:2      | Killed Natasha
   863 | D:2      | Reached XP level 3. HP: 8/33 MP: 2/2
   868 | D:2      | Slain by a jackal

Vault maps used:
D:1:      saegor_arrival_fortress
D:2:      marbit_many_paths, nicolae_qazlal_general_emergency, first_bread,
          nemelex_lonely_heart_becter, uniq_natasha

Skill      XL: |  1  2 |
---------------+-------+-----
Fighting       | 4 |  4.2
Unarmed Combat | 4 |  4.0
Dodging        | |  2.6
Stealth        | |  2.1

Action                   || total
-------------------------++-------
Melee: Unarmed           ||    49
       Punch             ||     1
  Eat: Chunk             ||     1
Armor: Robe              ||    19
Dodge: Dodged            ||    43
